 Dungeon Crawl Stone Soup version 0.26.1-11-gd32895ea62 (webtiles) character file.

Game seed: 5996816975091744852

36034 hawla the Thaumaturge (level 13, -3/76 HPs)
             Began as a Deep Elf Conjurer on May 31, 2021.
             Was a High Priest of Vehumet.
             Slain by an ettin
             ... wielding a +0 dire flail
              (13 damage)
             ... on level 15 of the Dungeon on June 2, 2021.
             The game lasted 01:13:32 (19228 turns).

hawla the Thaumaturge (Deep Elf Conjurer)          Turns: 19228, Time: 01:13:33

Health: -3/76      AC: 15    Str:  4    XL:     13   Next: 50%
Magic:  3/31       EV: 14    Int: 35    God:    Vehumet [*****.]
Gold:   1849       SH:  0    Dex: 13    Spells: 8/36 levels left

rFire    . . .     SeeInvis .   c - +6 dagger (speed)
rCold    . . .     Faith    .   (no shield)
rNeg     . . .     Spirit   .   i - +0 steam dragon scales
rPois    .         Reflect  .   v - +2 helmet
rElec    .         Harm     .   D - +1 cloak
rCorr    +         Rampage  .   n - +1 pair of gloves
Will     +....                  E - +2 pair of boots {run}
Stlth    +++.......             t - amulet of regeneration
HPRegen  0.62/turn              p - ring of resist corrosion
MPRegen  0.22/turn              B - +6 ring of intelligence

@: about to teleport, quick
A: no striking features
a: Renounce Religion


You were on level 15 of the Dungeon.
You worshipped Vehumet.
Vehumet was extremely pleased with you.
You visited 2 branches of the dungeon, and saw 16 of its levels.
You also visited: Sewer and Bailey.

You collected 2101 gold pieces.
You spent 252 gold pieces at shops.

Inventory:

Hand Weapons
 c - a +6 dagger of speed (weapon)
Missiles
 g - 17 boomerangs
 m - 6 silver javelins
 r - 105 poisoned darts (quivered)
 J - 2 javelins
Armour
 i - +0 steam dragon scales (worn)
 n - a +1 pair of gloves (worn)
 v - a +2 helmet (worn)
 D - a +1 cloak (worn)
 E - a +2 pair of boots of running (worn)
Jewellery
 k - an uncursed ring of ice
 p - a ring of resist corrosion (left hand)
 t - an amulet of regeneration (around neck)
 A - an uncursed ring of ice
 B - a +6 ring of intelligence (right hand)
 G - an uncursed ring of stealth
 M - an uncursed amulet of faith {unknown}
Wands
 o - a wand of paralysis (18)
 s - a wand of flame (80)
 F - a wand of acid (8)
 K - a wand of disintegration (6)
 L - a wand of polymorph (9)
Scrolls
 j - 4 scrolls of teleportation
 x - a scroll of enchant weapon
 y - 4 scrolls of magic mapping
 z - 6 scrolls of remove curse
 C - 8 scrolls of identify
Potions
 a - 2 potions of lignification
 b - 8 potions of flight
 d - 2 potions of brilliance
 e - 3 potions of curing
 f - a potion of attraction
 h - 6 potions of ambrosia
 q - a potion of might
 u - 2 potions of haste
 w - a potion of heal wounds
 H - a potion of cancellation {unknown}
 I - a potion of berserk rage {unknown}


   Skills:
 + Level 7.0 Fighting
 + Level 10.0 Short Blades
 + Level 1.4 Throwing
 + Level 4.1 Dodging
 + Level 4.4 Stealth
 + Level 12.0 Spellcasting
 + Level 10.0 Conjurations
 + Level 2.2 Summonings
 + Level 6.1 Translocations
 - Level 1.0 Fire Magic
 + Level 4.2 Ice Magic
 + Level 12.0 Air Magic
 + Level 4.1 Evocations


You had 8 spell levels left.
You knew the following spells:

 Your Spells              Type           Power        Failure   Level
a - Magic Dart            Conj           100%         1%          1
b - Searing Ray           Conj           100%         1%          2
c - Iskenderun's Mystic   Conj/Tloc      67%          1%          4
d - Static Discharge      Conj/Air       78%          1%          3
e - Summon Lightning Spi  Summ/Air       63%          1%          4
f - Lightning Bolt        Conj/Air       39%          1%          5
g - Frozen Ramparts       Ice            100%         1%          3
h - Freezing Cloud        Conj/Ice/Air   35%          2%          6

Your spell library contained the following spells:

 Spells                   Type           Power        Failure   Level
 Yara's Violent Unravell  Hex/Tmut       10%          16%         5
 Shock                    Conj/Air       100%         0%          1
 Animate Skeleton         Necr           42%          1%          1
 Apportation              Tloc           100%         1%          1
 Corona                   Hex            23%          1%          1
 Foxfire                  Conj/Fire      100%         1%          1
 Summon Small Mammal      Summ           100%         1%          1
 Swiftness                Air            81%          1%          2
 Conjure Flame            Conj/Fire      56%          1%          3
 Dazzling Flash           Conj/Hex       100%         1%          3
 Inner Flame              Hex/Fire       24%          1%          3
 Airstrike                Air            40%          1%          4
 Fulminant Prism          Conj/Hex       27%          1%          4
 Sticky Flame             Conj/Fire      56%          1%          4
 Fireball                 Conj/Fire      28%          1%          5
 Conjure Ball Lightning   Conj/Air       39%          1%          6
 Silence                  Hex/Air        29%          4%          5
 Tornado                  Air            40%          96%         9


Dungeon Overview and Level Annotations

Branches:
Dungeon (15/15)            Temple (1/1) D:6            Lair (0/6) D:11
    Orc (0/2) D:11         Vaults (0/5) D:13          Sewer (visited)
 Bailey (visited)
 Depths: D:15

Altars:
Ashenzari
Cheibriados
Dithmenos
Elyvilon
Fedhas
Gozag
Hepliaklqana
Kikubaaqudgha
Makhleb
Nemelex Xobeh
Okawaru
Qazlal
Ru
Sif Muna
Trog
Uskayaw
Vehumet
Wu Jian
Xom
Yredelemnul
Zin
The Shining One

Shops:
D:8 (   D:10 *

Annotations:
D:6 1 runed translucent door; can you dig it?
D:9 electric eels, can you dig them?
D:13 vault
D:14 bees, can you dig them?


Message History

Training target 1.0 for Fire Magic reached!
Your Fire Magic skill increases to level 1!
Casting: Iskenderun's Mystic Blast (safe; 1% risk of failure)
Confirm with . or Enter, or press ? or * to list all spells.
You erupt in a blast of force!
The mystic blast hits the large slime creature!
The large slime creature is heavily wounded.
The large slime creature is knocked back by the mystic blast.
The large slime creature slams into the rock wall!
The mystic blast hits the ettin!
The ettin is moderately wounded.
The ettin closely misses you. x2
As you read the scroll of teleportation, it crumbles to dust.
You feel strangely unstable.
The ettin hits you with a +0 dire flail.
The ettin hits you with a +0 dire flail!!
The ettin hits you with a +0 dire flail!!
* * * LOW HITPOINT WARNING * * *
The ettin hits you with a +0 dire flail!
You die...

#...$...#
#.......#
#..C....########
#§......JJ..#
#§C########(#
#§J§# #.# ###
##§## #.#
....######### #J#
.#......@# #.##
(((()(.CJ# #J.#
.#...##..# ##.#
#.## #..# #####
#.# #..# #.. ..
#.# # #(.# #.#
#.##.### #..# #.#
#....... #..# #.#
####.###
#(.####.#######.#
#


You could see an ettin and a large slime creature.

Vanquished Creatures
  Frances (D:14)
  An orc warlord (Bailey)
  2 hydras
  A boulder beetle (D:15)
  A centaur warrior (D:13)
  4 vault guards (D:13)
  A catoblepas (D:14)
  4 two-headed ogres
  The ghost of GooseDwarf the Carver, a novice MiBe of Trog (D:8)
  A fire crab (shapeshifter) (D:14)
  An unseen horror (D:12)
  3 orc knights (Bailey)
  4 ugly things (D:14)
  A manticore (D:14)
  A moth of wrath (D:8)
  4 centaur zombies
  2 centaur skeletons
  An efreet (D:14)
  5 kobold demonologists
  Maggie (D:8)
  A harpy zombie (D:15)
  A queen bee (D:10)
  A hornet (D:14)
  3 trolls
  Prince Ribbit (D:7)
  6 slime creatures
  2 shadows
  3 wraiths
  Eustachio (D:6)
  2 vampires
  2 basilisks
  8 yaks
  2 wyverns
  2 vampire mosquitoes (D:13)
  A harpy simulacrum (D:15)
  A soldier ant (D:13)
  2 water moccasins
  2 acid dragons
  13 orc warriors
  A hornet zombie (D:14)
  4 ice beasts
  3 sky beasts
  3 black bears
  2 phantoms (D:11)
  A necrophage (D:13)
  6 ogres
  3 eyes of draining
  15 centaurs
  4 big kobolds
  12 bullfrogs
  A gnoll sergeant (D:10)
  2 scorpions (D:5)
  28 killer bees
  15 wights
  10 howler monkeys
  5 hounds
  A quasit (D:15)
  4 jellies
  5 orc priests
  8 orc wizards
  3 bullfrog skeletons
  5 iguanas
  Terence (D:3)
  Ijyb (D:3)
  14 worker ants
  A merfolk siren (Sewer)
  A merfolk avatar (Sewer)
  A hound skeleton (D:4)
  A hound zombie (D:9)
  A worker ant zombie (D:10)
  2 howler monkey skeletons
  5 adders
  8 gnolls
  2 river rats (D:5)
  A shadow imp (D:9)
  3 white imps
  2 ufetubi
  2 oozes
  An adder zombie (D:8)
  2 adder skeletons
  A worm (D:2)
  5 dart slugs
  9 leopard geckos
  46 orcs
  5 giant cockroaches
  20 goblins
  18 hobgoblins
  14 jackals
  4 quokkas
  9 ball pythons
  3 bats
  6 frilled lizards
  A jackal skeleton (D:4)
  A jackal zombie (D:5)
  13 kobolds
  A leopard gecko zombie (D:9)
  A quokka skeleton (D:6)
  36 rats
477 creatures vanquished.

Vanquished Creatures (collateral kills)
  An orc warrior (Bailey)
  2 gnolls (Bailey)
  3 orcs (Bailey)
  7 goblins (Bailey)
  A hobgoblin (Bailey)
14 creatures vanquished.

Vanquished Creatures (others)
  3 plants (D:3)
3 creatures vanquished.

Grand Total: 494 creatures vanquished

Notes
Turn   | Place    | Note
-------+----------+-------------------------------------------
     0 | D:1      | hawla the Deep Elf Conjurer began the quest for the Orb.
     0 | D:1      | Reached XP level 1. HP: 10/10 MP: 6/6
   247 | D:1      | Reached XP level 2. HP: 11/15 MP: 0/8
   584 | D:2      | Learned a level 2 spell: Searing Ray
   790 | D:2      | Reached skill level 1 in Translocations
   866 | D:2      | Reached XP level 3. HP: 13/20 MP: 0/9
  1452 | D:2      | Found a snail-covered altar of Cheibriados.
  1463 | D:2      | Reached skill level 1 in Fighting
  1804 | D:3      | Reached XP level 4. HP: 21/25 MP: 3/11
  1811 | D:3      | Reached skill level 5 in Conjurations
  1951 | D:3      | Noticed a centaur
  2032 | D:3      | Noticed Terence
  2054 | D:3      | Killed a centaur
  2055 | D:3      | Reached XP level 5. HP: 19/29 MP: 5/13
  2172 | D:3      | Killed Terence
  2178 | D:3      | Learned a level 4 spell: Iskenderun's Mystic Blast
  2354 | D:3      | Noticed Ijyb
  2360 | D:3      | Killed Ijyb
  3014 | D:4      | Reached XP level 6. HP: 34/34 MP: 5/14
  3174 | D:4      | Found a hide-covered altar of Uskayaw.
  4328 | D:5      | Entered Level 5 of the Dungeon
  4347 | D:5      | Reached skill level 1 in Short Blades
  4347 | D:5      | Reached skill level 1 in Throwing
  4347 | D:5      | Reached skill level 1 in Evocations
  4347 | D:5      | Reached XP level 7. HP: 38/38 MP: 5/15
  4402 | D:5      | Found a glowing drain.
  4408 | Sewer    | Entered a sewer
  5321 | D:5      | Reached skill level 5 in Spellcasting
  5620 | D:5      | Learned a level 3 spell: Static Discharge
  6055 | D:6      | Noticed Eustachio
  6065 | D:6      | Killed Eustachio
  6066 | D:6      | Reached XP level 8. HP: 40/44 MP: 5/17
  6413 | D:6      | Found a staircase to the Ecumenical Temple.
  6434 | Temple   | Entered the Ecumenical Temple
  6589 | Temple   | Became a worshipper of Vehumet
  6776 | D:6      | Reached skill level 5 in Translocations
  6837 | D:6      | Found a glowing golden altar of the Shining One.
  6837 | D:6      | Found a runed translucent door.
  6837 | D:6      | Noticed an angel
  7157 | D:7      | Noticed Prince Ribbit
  7161 | D:7      | Killed Prince Ribbit
  8253 | D:8      | Noticed Maggie
  8264 | D:8      | Killed Maggie
  8265 | D:8      | Reached skill level 10 in Conjurations
  8265 | D:8      | Reached XP level 9. HP: 39/48 MP: 4/18
  8375 | D:8      | Reached skill level 1 in Air Magic
  8388 | D:8      | Reached * piety under Vehumet
  8388 | D:8      | Offered knowledge of Foxfire by Vehumet.
  8742 | D:8      | Noticed GooseDwarf's ghost (novice MiBe)
  8743 | D:8      | Found a transporter.
  8747 | D:8      | Noticed a moth of wrath
  8775 | D:8      | Found a transporter.
  8825 | D:8      | Found a burning altar of Makhleb.
  8945 | D:8      | Found Niap's Weapon Boutique.
  9574 | D:9      | Reached skill level 5 in Short Blades
 10042 | D:10     | Entered Level 10 of the Dungeon
 10385 | D:10     | Reached ** piety under Vehumet
 10385 | D:10     | Offered knowledge of Freeze by Vehumet.
 10520 | D:10     | Reached XP level 10. HP: 56/56 MP: 8/21
 10957 | D:10     | Found Cemmigol's General Store.
 10983 | D:10     | Reached skill level 5 in Air Magic
 10984 | D:10     | Offered knowledge of Stone Arrow by Vehumet.
 10995 | D:10     | HP: 2/56 [killer bee (5)]
 11384 | D:10     | Reached *** piety under Vehumet
 11722 | D:11     | Found a flagged portal.
 11724 | D:11     | Noticed a two-headed ogre
 11739 | D:11     | Killed a two-headed ogre
 11761 | Bailey   | Entered a bailey
 11832 | Bailey   | Learned a level 4 spell: Summon Lightning Spire
 11838 | Bailey   | Learned a level 5 spell: Lightning Bolt
 11855 | Bailey   | Offered knowledge of Inner Flame by Vehumet.
 12102 | Bailey   | Noticed an orc knight
 12109 | Bailey   | Reached **** piety under Vehumet
 12137 | Bailey   | Killed an orc knight
 12138 | Bailey   | Reached skill level 1 in Ice Magic
 12138 | Bailey   | Reached XP level 11. HP: 50/61 MP: 5/23
 12296 | Bailey   | Noticed an orc knight
 12296 | Bailey   | Noticed an orc warlord
 12296 | Bailey   | Noticed an orc knight
 12309 | Bailey   | Killed an orc knight
 12309 | Bailey   | Offered knowledge of Frozen Ramparts by Vehumet.
 12314 | Bailey   | Killed an orc knight
 12432 | Bailey   | Identified 2 scrolls of acquirement
 12438 | Bailey   | Learned a level 3 spell: Frozen Ramparts
 12506 | Bailey   | Killed an orc warlord
 12710 | Bailey   | Acquired a +6 ring of intelligence
 13040 | D:11     | Found a staircase to the Lair.
 13047 | D:11     | Found a staircase to the Orcish Mines.
 14043 | D:12     | Reached skill level 5 in Fighting
 14188 | D:12     | Noticed a two-headed ogre
 14196 | D:12     | Killed a two-headed ogre
 14197 | D:12     | Reached skill level 10 in Short Blades
 14361 | D:12     | Reached ***** piety under Vehumet
 14361 | D:12     | Offered knowledge of Freezing Cloud by Vehumet.
 14602 | D:12     | Noticed a five-headed hydra
 14612 | D:12     | Killed a five-headed hydra
 14917 | D:12     | Noticed a soul eater
 14922 | D:12     | Reached skill level 1 in Summonings
 15004 | D:12     | Acquired 1030 gold pieces
 15601 | D:12     | Killed an unseen horror
 15602 | D:12     | Reached XP level 12. HP: 42/68 MP: 7/26
 16048 | D:8      | Killed GooseDwarf's ghost
 16058 | D:8      | Identified a +2 pair of boots of running (You found it on
                  | level 8 of the Dungeon)
 16241 | D:10     | Bought a scroll of identify for 28 gold pieces
 16241 | D:10     | Bought a potion of flight for 42 gold pieces
 16241 | D:10     | Bought a potion of haste for 140 gold pieces
 16241 | D:10     | Bought a potion of curing for 42 gold pieces
 16305 | D:13     | Learned a level 6 spell: Freezing Cloud
 16316 | D:13     | Found a gate to the Vaults.
 16316 | D:13     | Noticed a vault guard
 16316 | D:13     | Noticed a seven-headed hydra
 16316 | D:13     | Noticed a vault guard
 16316 | D:13     | Noticed a vault guard
 16316 | D:13     | Noticed a vault guard
 16321 | D:13     | Killed a vault guard
 16322 | D:13     | Killed a seven-headed hydra
 16322 | D:13     | Killed a vault guard
 16323 | D:13     | Reached skill level 10 in Spellcasting
 16323 | D:13     | Reached skill level 10 in Air Magic
 16323 | D:13     | Killed a vault guard
 16331 | D:13     | Killed a vault guard
 16550 | D:13     | Noticed a centaur warrior
 16563 | D:13     | Killed a centaur warrior
 16663 | D:13     | Noticed a two-headed ogre
 16682 | D:13     | Killed a two-headed ogre
 16882 | D:13     | Offered knowledge of Yara's Violent Unravelling by Vehumet.
 17267 | D:14     | Noticed Frances
 17433 | D:14     | Killed Frances
 17434 | D:14     | Reached XP level 13. HP: 66/74 MP: 4/30
 18785 | D:15     | Entered Level 15 of the Dungeon
 19217 | D:15     | Noticed an ettin
 19225 | D:15     | Reached skill level 1 in Fire Magic
 19228 | D:15     | Slain by an ettin

Illustrated notes

Levels and vault maps discovered:
D:1:      saegor_arrival_simple_a, layout_rooms, minmay_pentomino_s4
D:2:      layout_basic, kennysheep_slug_shrine
D:3:      layout_rooms, serial_aquarium, aquarium_bridge_square
          [aquarium_subvault_balcony, aquarium_subvault_window,
          aquarium_subvault_bridge, aquarium_subvault_bridge],
          aquarium_bridge_straight [aquarium_subvault_bridge,
          aquarium_subvault_wall, aquarium_subvault_bridge,
          aquarium_subvault_wall], aquarium_window_fake, aquarium_window_fake,
          aquarium_window_fake, aquarium_window_2, aquarium_view_2d,
          aquarium_balcony_3a, serial_bayou_pond_e, uniq_terence, uniq_ijyb
D:4:      layout_basic, nicolae_overflow_crystal_walls,
          hangedman_decor_opposing, minmay_between
D:5:      layout_basic, portal_sewer_entry_b
D:6:      layout_rooms, minmay_temple_entry_statues_fountains,
          minmay_misc_feat_secret_circle, lemuel_angel_altar, uniq_eustachio
D:7:      layout_cave_pods, uniq_prince_ribbit1
D:8:      layout_rooms, gammafunk_ghost_berserking_beasts, serial_shops,
          shop_statue, bloody_makhleb, uniq_maggie
D:9:      layout_rooms, serial_aquarium, aquarium_bridge_square
          [aquarium_subvault_window, aquarium_subvault_bridge,
          aquarium_subvault_bridge, aquarium_subvault_wall],
          aquarium_window_corridor_3, aquarium_window_fake, aquarium_window_2,
          aquarium_view_2f, aquarium_view_2f
D:10:     cheibrodos_elevator_heist, layout_gridville, serial_shops,
          nicolae_shop_stone, special_room [special_room_bee]
D:11:     layout_layer_cave, lair_entry_dummy, orc_0_dummy, enter_bailey_5
D:12:     layout_cave_pods
D:13:     layout_cave_pools, lightli_vaults_fourway_checkpoint,
          serial_column_ruins, column_ruins_hut_water, column_ruins_grid_1,
          column_ruins_grid_1, column_ruins_corridor_corner,
          column_ruins_open_tiny, kennysheep_another_room
D:14:     layout_loops_ring, hive_lemuel, uniq_frances
D:15:     hangedman_depths_entry_civil_slaughter, layout_loops_ring,
          grunt_decor_cap
Temple:   kilobyte_greek_temple

Skill      XL: |  1  2  3  4  5  6  7  8  9 10 11 12 13 |
---------------+----------------------------------------+-----
Translocations | 1 3 4 6 |  6.1
Fighting       | 1 2 3 4 5 6 7 |  7.0
Stealth        | 3 4 |  4.4
Dodging        | 3 4 |  4.1
Spellcasting   | 4 5 6 7 8 11 12 | 12.0
Conjurations   | 5 6 7 10 | 10.0
Short Blades   | 1 2 3 6 9 10 | 10.0
Throwing       | 1 |  1.4
Evocations     | 1 2 3 4 |  4.1
Air Magic      | 3 6 9 11 12 | 12.0
Ice Magic      | 1 3 4 |  4.2
Summonings     | 2 |  2.2
Fire Magic     | 1 |  1.0

Action                   |  1- 3 |  4- 6 |  7- 9 | 10-12 | 13-15 || total
-------------------------+-------+-------+-------+-------+-------++-------
Melee: Unarmed           |     6 |       |       |       |       ||     6
       Dagger            |     5 |    12 |   217 |   181 |    48 ||   463
Throw: Dart              |       |       |       |     3 |    21 ||    24
       Javelin           |       |       |       |     2 |       ||     2
 Cast: Magic Dart        |    28 |     8 |    31 |    32 |     3 ||   102
       Searing Ray       |    18 |    37 |    57 |    73 |    30 ||   215
       Iskenderun's Myst |       |     2 |    47 |   109 |    45 ||   203
       Static Discharge  |       |       |     7 |       |       ||     7
       Summon Lightning  |       |       |       |     6 |       ||     6
       Lightning Bolt    |       |       |       |     2 |     1 ||     3
       Frozen Ramparts   |       |       |       |     1 |     1 ||     2
       Freezing Cloud    |       |       |       |     4 |     4 ||     8
Evoke: Wand              |       |       |       |     2 |       ||     2
  Use: Scroll            |     6 |     7 |    11 |    19 |     3 ||    46
       Potion            |       |     1 |       |    12 |     2 ||    15
 Stab: Distracted        |     1 |       |       |       |       ||     1
       Sleeping          |       |       |     6 |     1 |     2 ||     9
       Invisible         |       |       |       |     2 |       ||     2
Armor: Robe              |     2 |     7 |    67 |    34 |       ||   110
       Skin              |       |       |       |     3 |       ||     3
       Steam dragon scal |       |       |       |    31 |    22 ||    53
Dodge: Dodged            |    16 |    35 |   138 |   139 |    42 ||   370
